 Dungeon Crawl Stone Soup version 0.32-a0-656-g3542139ebd (webtiles) character file.

Game seed: 4840265920338831464

2898 CougarLife the Geomancer (level 9, 0/67 HPs)
             Began as a Gargoyle Earth Elementalist on Mar 8, 2024.
             Was a Believer of Vehumet.
             Slain by a boulder beetle (4 damage)
             ... on level 8 of the Dungeon.
             The game lasted 00:11:08 (7278 turns).

CougarLife the Geomancer (GrEE)                     Turns: 7278, Time: 00:11:09

Health: 0/67       AC: 24    Str: 12    XL:     9   Next: 77%
Magic:  3/20       EV:  2    Int: 20    God:    Vehumet [**....]
Gold:   425        SH:  0    Dex: 16    Spells: 18/22 levels left

rFire   . . .        w - +3 dagger
rCold   + . .        (no shield)
rNeg    + . .        a - melded +0 robe
rPois   ∞            z - melded +0 helmet
rElec   .            s - melded +0 cloak
rCorr   .            q - melded +0 pair of gloves
SInv    .            (boots currently unavailable)
Will    .....        (no amulet)
Stlth   ++           b - ring of protection from cold
HPRegen 0.31/turn    x - +6 ring of dexterity
MPRegen 0.17/turn

%: no passive effects
@: tree-form
A: stationary, stasis, torment immunity, boosted hp, sickness immunity, AC +6,
negative energy resistance 1, (electricity resistance), torment resistance 1,
petrification resistance
a: Renounce Religion


You were on level 8 of the Dungeon.
You worshipped Vehumet.
Vehumet was pleased with you.
You were a tree.
You visited 2 branches of the dungeon, and saw 9 of its levels.

You collected 425 gold pieces.

Inventory:

Hand Weapons
 w - a +3 dagger (weapon)
Armour
 a - a +0 robe (melded)
 q - a +0 pair of gloves (melded)
 s - a +0 cloak (melded)
 z - a +0 helmet (melded)
Jewellery
 b - a ring of protection from cold (left branch)
 x - a +6 ring of dexterity (right branch)
Wands
 n - a wand of paralysis (10)
Scrolls
 d - a scroll of blinking {unknown}
 e - a scroll of noise {unknown}
 f - 2 scrolls of enchant armour
 g - a scroll of fog {unknown}
 i - 3 scrolls of enchant weapon
 l - a scroll of fear {unknown}
 m - 3 scrolls of immolation
 r - a scroll of acquirement {unknown}
 u - a scroll of vulnerability {unknown}
 y - a scroll of summoning {unknown}
Potions
 h - 2 potions of attraction
 k - a potion of might {unknown}
 o - a potion of brilliance {unknown}
 p - 2 potions of enlightenment
 t - 2 potions of resistance
 v - a potion of lignification


   Skills:
 - Level 1.5 Dodging
 - Level 2.1 Stealth
 + Level 7.3 Spellcasting
 + Level 8.3 Conjurations
 + Level 9.8 Earth Magic


You had 18 spell levels left.
You knew the following spells:

 Your Spells              Type           Power      Damage    Failure   Level
a - Sandblast             Erth           92%        2d19      1%          1
b - Stone Arrow           Conj/Erth      86%        3d12      1%          3

Your spell library contained the following spells:

 Spells                   Type           Power      Damage    Failure   Level
 Static Discharge         Conj/Air       48%        3-5/arc   2%          2
 Passwall                 Erth           46%        N/A       1%          3
 Brom's Barrelling Bould  Conj/Erth      43%        2d6       2%          4
 Petrify                  Alch/Erth      26%        N/A       12%         4
 Chain Lightning          Conj/Air       12%        3d16      100%        9
 Fire Storm               Conj/Fire      12%        8d3       100%        9
 Shatter                  Erth           23%        3d20*     100%        9


Dungeon Overview and Level Annotations

Branches:
Dungeon (8/15)             Temple (1/1) D:7
   Lair: D:8-11

Altars:
Ashenzari
Cheibriados
Dithmenos
Elyvilon
Fedhas
Gozag
Hepliaklqana
Kikubaaqudgha
Makhleb
Nemelex Xobeh
Okawaru
Sif Muna
Trog
Uskayaw
Vehumet
Wu Jian
Xom
Yredelemnul
Zin
The Shining One

Shops:
D:3 =

Annotations:
D:5 2 runed translucent doors, 1 transporter, DeathSocks's ghost, novice MDAr


Innate Abilities, Weirdness & Mutations

You are a tree.
Your roots penetrate the ground, keeping you stationary.
You cannot be teleported.
You are immune to unholy pain and torment.
Your maximum health is greatly increased.
Your equipment is partially melded.
You are immune to sickness and miasma.
((Your stone body is resilient. (AC +6)))
You are immune to poison.
You resist negative energy. (rN+)
((You are resistant to electric shocks. (rElec)))
You are resistant to unholy torment.
You are immune to petrification.


Message History

Confirm with . or Enter, or press ? or * to list all spells.
Aiming: Stone Arrow (safe; 1% risk of failure)
Press: ? - help, Shift-Dir - straight line, f/p - boulder beetle
Aim: a boulder beetle (moderately wounded, 100% to hit)
Okay, then.
Casting: Stone Arrow (safe; 1% risk of failure)
Confirm with . or Enter, or press ? or * to list all spells.
Aiming: Sandblast (safe; 1% risk of failure)
Press: ? - help, Shift-Dir - straight line, f/p - boulder beetle
Aim: a boulder beetle (moderately wounded, 100% to hit)
The blast of sand misses the orc.
The blast of sand hits the boulder beetle!
The boulder beetle is heavily wounded.
The orc wizard hits you but does no damage.
The orc barely misses you. The orc hits you but does no damage.
The orc hits you with a +0 hand axe.
* * * LOW HITPOINT WARNING * * *
The orc wizard casts a spell at you. The puff of flame hits you.
* * * LOW HITPOINT WARNING * * *
Casting: Sandblast (safe; 1% risk of failure)
Confirm with . or Enter, or press ? or * to list all spells.
Aiming: Sandblast (safe; 1% risk of failure)
Press: ? - help, Shift-Dir - straight line, f/p - boulder beetle
Aim: a boulder beetle (heavily wounded, 100% to hit)
The blast of sand hits the boulder beetle.
The boulder beetle is heavily wounded.
The orc wizard hits you but does no damage.
The orc hits you but does no damage.
Casting: Sandblast (safe; 1% risk of failure)
Confirm with . or Enter, or press ? or * to list all spells.
Aiming: Sandblast (safe; 1% risk of failure)
Press: ? - help, Shift-Dir - straight line, f/p - boulder beetle
Aim: a boulder beetle (heavily wounded, 100% to hit)
The blast of sand hits the boulder beetle but does no damage.
The boulder beetle is heavily wounded.
The orc wizard casts a spell at you.
The puff of flame hits you but does no damage.
The orc hits you but does no damage. The boulder beetle bites you.
You die...

######## #......# ###..
......####.....
...............
......##.~~~... #####.
..<...~≈≈≈~..
######....##+#....~≈.≈~..
.......##......#..~≈~≈~..
.......#.oo♣[).....~~~...
.....).#.)oB..[#...#_####
.......#)..###[###.### #
...ooo.......#.# #...# ...
........)#)#.#.###...##.....
.....>........†.............
......###..######.####......
###### #..# #..# #..... #..#
###..# #...#


You could see a boulder beetle, an orc wizard and 2 orcs.

Vanquished Creatures
  A gargoyle (D:8)
  4 water moccasins
  An ice beast (D:7)
  A sky beast (D:6)
  2 black bears (D:5)
  A kobold brigand (D:7)
  5 bullfrogs
  3 scorpions
  6 wights
  A bombardier beetle (D:6)
  6 hounds
  A jelly (D:4)
  3 gnoll boudas
  2 orc priests (D:8)
  3 sleepcaps (D:7)
  3 iguanas
  2 orc wizards
  Terence (D:3)
  10 adders
  11 gnolls
  A shadow imp (D:5)
  3 white imps
  4 ufetubi
  A ribbon worm (D:2)
  2 dart slugs
  12 orcs
  4 bats
  5 endoplasms
  3 giant cockroaches
  5 goblins
  5 hobgoblins
  13 jackals
  3 quokkas
  10 ball pythons
  2 frilled lizards (D:1)
  6 kobolds
  8 rats
154 creatures vanquished.

Notes
Turn   | Place    | Note
-------+----------+-------------------------------------------
     0 | D:1      | CougarLife the Gargoyle Earth Elementalist began the quest
                  | for the Orb.
     0 | D:1      | Reached XP level 1. HP: 10/10 MP: 3/3
   301 | D:1      | Reached XP level 2. HP: 11/15 MP: 0/5
   494 | D:1      | Reached skill level 4 in Earth Magic
   570 | D:1      | Found a faded altar of an unknown god.
   884 | D:1      | Reached XP level 3. HP: 19/19 MP: 1/6
  1530 | D:2      | Reached XP level 4. HP: 24/24 MP: 4/8
  1718 | D:2      | You fall into a shaft and drop 2 floors!
  1759 | D:3      | Learned a level 3 spell: Stone Arrow
  1839 | D:3      | Found an ornate altar of the Wu Jian Council.
  1839 | D:3      | Found a burning altar of Makhleb.
  1839 | D:3      | Found a radiant altar of Vehumet.
  1849 | D:3      | Became a worshipper of Vehumet
  1898 | D:3      | Found Nefummoa's One-of-a-Kind Rings.
  1916 | D:3      | Noticed Terence
  1924 | D:3      | Killed Terence
  2242 | D:2      | Reached XP level 5. HP: 28/28 MP: 6/9
  3092 | D:4      | Reached skill level 5 in Earth Magic
  3505 | D:4      | Reached XP level 6. HP: 32/32 MP: 9/11
  3547 | D:4      | Reached * piety under Vehumet
  3547 | D:4      | Offered knowledge of Magic Dart by Vehumet.
  3930 | D:5      | Entered Level 5 of the Dungeon
  4170 | D:5      | Noticed a black bear
  4174 | D:5      | Killed a black bear
  4265 | D:5      | Found a broken altar of Ashenzari.
  4313 | D:5      | Reached skill level 6 in Earth Magic
  4313 | D:5      | Reached XP level 7. HP: 36/36 MP: 13/13
  4393 | D:4      | Reached skill level 5 in Conjurations
  4537 | D:5      | Found a runed translucent door.
  4544 | D:5      | Noticed DeathSocks's ghost (novice MDAr)
  4644 | D:5      | Found a runed translucent door.
  4799 | D:5      | Reached skill level 5 in Spellcasting
  4839 | D:5      | Reached skill level 7 in Earth Magic
  4839 | D:5      | Reached XP level 8. HP: 41/41 MP: 8/15
  4985 | D:5      | Found a sparkling altar of Nemelex Xobeh.
  4985 | D:5      | Found a transporter.
  4986 | D:5      | Noticed a wyvern
  5538 | D:6      | Reached skill level 8 in Earth Magic
  5618 | D:6      | Offered knowledge of Static Discharge by Vehumet.
  5637 | D:6      | Reached ** piety under Vehumet
  5718 | D:6      | Reached XP level 9. HP: 45/45 MP: 16/18
  6202 | D:7      | Found a staircase to the Ecumenical Temple.
  6214 | Temple   | Entered the Ecumenical Temple
  6732 | D:7      | Reached skill level 9 in Earth Magic
  7079 | D:8      | Found a snail-covered altar of Cheibriados.
  7165 | D:8      | Noticed a gargoyle
  7257 | D:8      | Killed a gargoyle
  7261 | D:8      | Noticed a boulder beetle
  7276 | D:8      | HP: 3/67 [orc wizard/puff of flame (1)]
  7278 | D:8      | Slain by a boulder beetle

Illustrated notes

Levels and vault maps discovered:
D:1:      lemuel_arrival_hallway, layout_loops_ring,
          shapermc_ecumenical_altar_hornbeckon
D:2:      layout_basic, minmay_small_reverse_x
D:3:      layout_basic, gammafunk_temple_overflow_claw,
          nicolae_shop_unique_rings, uniq_terence
D:4:      layout_basic
D:5:      layout_gridville, grunt_nemelex_the_gamble, evilmike_ruin_ashenzari,
          ebering_ghost_sewer_f
D:6:      layout_cave_pods
D:7:      layout_loops_cross, minmay_temple_entry_statues_pillars,
          nicolae_grassy_gnolls
D:8:      minmay_bloctagon, layout_basic, kennysheep_slug_shrine,
          due_lair_maze_entry_diamond, enter_bailey_5,
          minmay_misc_feat_enclosed, minmay_misc_feat_rows
Temple:   eino_narrow_crystal_temple

Skill      XL: |  1  2  3  4  5  6  7  8  9 |
---------------+----------------------------+-----
Earth Magic    | 4 5 6 7 8 9 |  9.8
Conjurations   | 2 3 4 5 7 8 |  8.3
Spellcasting   | 3 4 5 6 7 |  7.3
Dodging        | |  1.5
Stealth        | |  2.1

Action                     |  1- 3 |  4- 6 |  7- 9 || total
---------------------------+-------+-------+-------++-------
  Melee: Unarmed           |     5 |       |       ||     5
         Dagger            |    15 |     5 |     6 ||    26
   Cast: Sandblast         |    51 |    72 |   112 ||   235
         Stone Arrow       |       |     5 |    20 ||    25
    Use: Potion            |       |     1 |     2 ||     3
         Scroll            |       |       |     7 ||     7
 Armour: Robe              |    21 |    41 |    88 ||   150
         Skin              |       |       |    11 ||    11
  Dodge: Dodged            |    31 |    35 |    61 ||   127

Table legend: (Time is in decaauts)
 A = Elapsed time spent in this place.
 B = Non-inter-level travel time spent in this place.
 C = Inter-level travel time spent in this place.
 D = Time resting spent in this place.
 E = Time spent auto-exploring this place.
 F = Levels seen in this place.
 G = Mean time per level.
                   A        B        C        D        E       F      G
               +--------+--------+--------+--------+--------+-----+--------+
         Total |   7408 |   7087 |    321 |    919 |   4440 |   9 |  823.1 |
       Dungeon |   7406 |   7085 |    321 |    919 |   4440 |   8 |  925.8 |
        Temple |      1 |      1 |      0 |      0 |      0 |   1 |    1.0 |
               +--------+--------+--------+--------+--------+-----+--------+

Top non-repeatable levels by time:
     D:4: 1263 daAuts
     D:5: 1160 daAuts
     D:2: 1151 daAuts
     D:1: 1104 daAuts
     D:6: 958 daAuts
     D:7: 952 daAuts
     D:3: 698 daAuts
     D:8: 117 daAuts
  Temple: 1 daAuts
